 Dungeon Crawl Stone Soup version 0.28-a0-1389-gc726bef33b (webtiles) character file.

Game seed: 14508650487039344705

53 eustatius the Skirmisher (level 3, 0/29 HPs)
             Began as a Demonspawn Berserker on Jan 4, 2022.
             Was a Believer of Trog.
             Succumbed to an adder's poison
             ... on level 2 of the Dungeon.
             The game lasted 00:06:05 (1516 turns).

eustatius the Skirmisher (Demonspawn Berserker)     Turns: 1516, Time: 00:06:06

Health: 0/29       AC:  3    Str: 19    XL:     3   Next: 62%
Magic:  3/3        EV: 12    Int:  8    God:    Trog [**....]
Gold:   49         SH:  0    Dex: 12    Spells: 2/2 levels left

rFire   . . .      SeeInvis .   a - +0 falchion
rCold   . . .      Faith    .   (no shield)
rNeg    . . .      Spirit   .   g - +0 leather armour
rPois   .          Reflect  .   (no helmet)
rElec   .          Harm     .   (no cloak)
rCorr   .          Rampage  .   (no gloves)
Will    .....                   (no boots)
Stlth   +.........              (no amulet)
HPRegen 0.09/turn               (no ring)
MPRegen 0.08/turn               (no ring)

@: lethally poisoned (0 -> -6)
A: demonic guardian 1
a: Renounce Religion, Berserk, Trog's Hand


You were on level 2 of the Dungeon.
You worshipped Trog.
Trog was pleased with you.
You visited 1 branch of the dungeon, and saw 2 of its levels.

You collected 49 gold pieces.

Inventory:

Hand Weapons
 a - a +0 falchion (weapon)
 c - a +0 great mace
Armour
 b - a +0 animal skin
 g - a +0 leather armour (worn)
Jewellery
 d - a ring of poison resistance
Wands
 k - a wand of acid (8)
Scrolls
 e - a scroll of fog {unknown}
 f - 5 scrolls of identify {unknown}
 j - a scroll of immolation {unknown}
Potions
 h - a potion of lignification {unknown}
 i - a potion of brilliance {unknown}


   Skills:
 + Level 3.6 Fighting
 + Level 3.4 Long Blades
 + Level 2.0 Armour
 + Level 2.0 Dodging
 + Level 0.3 Stealth


You had 2 spell levels left.
You didn't know any spells.
Your spell library was empty.

Dungeon Overview and Level Annotations

Branches:
Dungeon (2/15)

Altars:


Innate Abilities, Weirdness & Mutations

A weak demonic guardian rushes to your aid.


Message History

The adder poisons you!
You feel sick. The adder bites you but does no damage.
You see here 14 gold pieces.
You feel sick. The adder misses you. The adder bites you but does no damage.
You barely miss the adder.
The adder is heavily wounded.
You feel sick. The adder bites you.
You are more poisoned.
The adder poisons you!
You miss the adder.
The adder is heavily wounded.
You feel sick. The adder bites you.
You completely miss the adder.
The adder is heavily wounded.
You feel sick. The adder bites you but does no damage. The adder bites you.
A demonic guardian appears!
You miss the adder.
The adder is heavily wounded.
You feel sick. The adder bites you.
Your white imp hits the adder but does no damage.
You barely miss the adder.
The adder is heavily wounded.
You feel sick. The adder completely misses you.
Your white imp closely misses the adder.
The adder bites you.
* * * LOW HITPOINT WARNING * * *
You are lethally poisoned!
The adder poisons you!
You hit the adder.
The adder is heavily wounded.
* * * LOW HITPOINT WARNING * * *
You feel sick. The adder barely misses you.
Your white imp gestures at the adder.
The puff of frost hits the adder!
The adder dies!
Trog accepts your kill.
Your Armour skill increases to level 2!
* * * LOW HITPOINT WARNING * * *
You feel sick.
You die...

..####............##
..# ###..........#
.## #..........# .#
#...†......# .#
###..........# .#
#............#
#####..#..........#
#.....##..........#
#.#### #........@.#
#.# #....<..$..# ..#
#.........5# .##
##..........# ##
##......##..... ###
######.# ####.. ..#
#.# ..# #.# ..# #.#


You could see a friendly white imp (summoned).

Vanquished Creatures
  A gnoll (D:1)
  A worm (D:2)
  A dart slug (D:1)
  4 bats
  2 endoplasms
  A goblin (D:2)
  2 hobgoblins
  4 jackals (D:2)
  2 kobolds (D:1)
  2 quokkas (D:2)
  3 ball pythons
  A frilled lizard (D:1)
  3 rats
27 creatures vanquished.

Vanquished Creatures (collateral kills)
  An adder (D:2)
1 creature vanquished.

Grand Total: 28 creatures vanquished

Notes
Turn   | Place    | Note
-------+----------+-------------------------------------------
     0 | D:1      | eustatius the Demonspawn Berserker began the quest for the
                  | Orb.
     0 | D:1      | Reached XP level 1. HP: 18/18 MP: 1/1
   222 | D:1      | Gained mutation: A weak demonic guardian rushes to your
                  | aid. [demonic ancestry]
   222 | D:1      | Reached XP level 2. HP: 23/24 MP: 2/2
   545 | D:1      | Found a faded altar of an unknown god.
  1017 | D:2      | Reached XP level 3. HP: 25/29 MP: 3/3
  1188 | D:2      | Reached ** piety under Trog
  1516 | D:2      | Succumbed to an adder's poison

Illustrated notes

Levels and vault maps discovered:
D:1:      dpeg_arrival_lava_temple_mockup, layout_rooms, serial_rivers,
          chequers_serial_rivers_large_b, chequers_serial_rivers_small_b,
          chequers_serial_rivers_large_a, chequers_serial_rivers_micro_a,
          chequers_ecumenical_altar_lobes
D:2:      layout_rooms, serial_shops, nicolae_square_shop, dk_vineyard_3

Skill      XL: |  1  2  3 |
---------------+----------+-----
Long Blades    | 3 |  3.4
Dodging        | 2 |  2.0
Armour         | 2 |  2.0
Fighting       | |  3.6
Stealth        | |  0.3

Action                   || total
-------------------------++-------
Melee: Falchion          ||    81
Invok: Berserk           ||     1
 Stab: Sleeping          ||     1
Armor: Animal skin       ||     3
       Leather armour    ||    31
Dodge: Dodged            ||    71

Table legend: (Time is in decaauts)
 A = Elapsed time spent in this place.
 B = Non-inter-level travel time spent in this place.
 C = Inter-level travel time spent in this place.
 D = Time resting spent in this place.
 E = Time spent auto-exploring this place.
 F = Levels seen in this place.
 G = Mean time per level.
                   A        B        C        D        E       F      G
               +--------+--------+--------+--------+--------+-----+--------+
         Total |   1602 |    855 |    747 |      0 |    549 |   2 |  801.0 |
       Dungeon |   1602 |    855 |    747 |      0 |    549 |   2 |  801.0 |
               +--------+--------+--------+--------+--------+-----+--------+

Top non-repeatable levels by time:
     D:1: 950 daAuts
     D:2: 652 daAuts
